 Dungeon Crawl Stone Soup version 0.25.1-2-g60ff931df9 (webtiles) character file.

Game seed: 3408603776037478441

1690 Araneus the Slicer (level 8, -2/58 HPs)
             Began as a Vampire Assassin on Sept 11, 2020.
             Slain by a black bear (4 damage)
             ... on level 6 of the Dungeon on Sept 14, 2020.
             The game lasted 00:24:07 (4986 turns).

Araneus the Slicer (Vampire Assassin)               Turns: 4986, Time: 00:24:08

Health: -2/58      AC:  6    Str: 11    XL:     8   Next: 72%
Magic:  8/8        EV: 13    Int: 13    God:
Gold:   394        SH:  5    Dex: 17    Spells: 7/7 levels left

rFire    . . .     SeeInvis +   s - +2 rapier
rCold    . . .     Gourm    .   y - +0 buckler
rNeg     . . .     Faith    .   b - +0 robe
rPois    .         Spirit   .   o - +0 helmet
rElec    .         Reflect  .   c - +0 cloak
rCorr    .         Harm     .   (no gloves)
MR       .....                  i - +1 pair of boots
Stlth    ++++......             (no amulet)
HPRegen  0.39/turn              (no ring)
MPRegen  0.11/turn              (no ring)

@: regenerating quickly
A: no food, fangs 3, see invisible, unbreathing
a: Exsanguinate


You were on level 6 of the Dungeon.
You were alive.

You visited 1 branch of the dungeon, and saw 6 of its levels.
You also visited: Sewer.

You collected 394 gold pieces.

Inventory:

Hand Weapons
 a - a +3 dagger
 s - a +2 rapier (weapon)
Missiles
 d - 11 poisoned darts (quivered)
 m - 2 curare-tipped darts
Armour
 b - a +0 robe (worn)
 c - a +0 cloak (worn)
 i - a +1 pair of boots (worn)
 o - a +0 helmet (worn)
 x - a scarf of resistance
 y - a +0 buckler (worn)
Scrolls
 h - 4 scrolls of teleportation
 j - a scroll of blinking
 l - a scroll of enchant armour
 p - 4 scrolls of amnesia
 v - 2 scrolls of magic mapping
Potions
 f - a potion of cancellation
 g - 4 potions of curing
 n - 2 potions of brilliance
 r - a potion of ambrosia
 w - a potion of berserk rage
 z - 3 potions of might


   Skills:
 + Level 3.2 Fighting
 - Level 10.0 Short Blades
 - Level 1.5 Throwing
 + Level 2.9 Dodging
 + Level 7.3 Stealth
 - Level 4.0 Shields


You had 7 spell levels left.
You didn't know any spells.
Your spell library was empty.

Dungeon Overview and Level Annotations

Branches:
Dungeon (6/15)              Sewer (visited)
 Temple: D:4-7

Altars:
Nemelex Xobeh
Qazlal
Trog
Yredelemnul


Innate Abilities, Weirdness & Mutations

You do not eat.
Your natural rate of healing is unusually fast.
You have razor-sharp teeth.
You have supernaturally acute eyesight. (SInv)
You can survive without breathing.


Message History

* * * LOW HITPOINT WARNING * * *
The black bear bites you!
* * * LOW HITPOINT WARNING * * *
The black bear claws you.
* * * LOW HITPOINT WARNING * * *
The black bear barely misses you.
The black bear goes berserk!
The black bear rages.
The black bear rages.
The black bear bites you.
* * * LOW HITPOINT WARNING * * *
The black bear closely misses you. The black bear misses you.
The black bear bites you.
* * * LOW HITPOINT WARNING * * *
You block the black bear's attack.
The black bear claws you but does no damage.
You hit the black bear.
The black bear is almost dead.
The black bear bites you.
You die...

##......##..... .........#...
.##...... #......### ........
#(.......# ...... ###.#..#.#
..... #.#....## #...
#Z#.....##..# #..
#####.##h.(.....# #.###
##...#..@.#..#...#
#)..###............#...#
#)#....................#
#)###..................#####.
#.# ##..........<...........
#.# ##)..................# ..
#†# #......##...#...<.....#
... #.#
#.###.#####.[.<.......##.##
#.# #.
#..###...............[.


You could see a black bear (berserk).

Vanquished Creatures
  Grinder (D:6)
  A hippogriff (D:6)
  Sigmund (D:5)
  An orc warrior (D:6)
  A phantom (D:6)
  An eye of draining (D:5)
  An ogre (D:6)
  2 centaurs
  A bullfrog (D:6)
  A scorpion (D:5)
  A bullfrog zombie (D:5)
  2 hounds (D:4)
  Crazy Yiuf (D:2)
  A bullfrog skeleton (D:5)
  2 orc wizards
  2 iguanas
  Robin (D:4)
  3 gnolls (D:3)
  8 adders
  2 shadow imps (D:6)
  An ooze (D:1)
  A worm (D:5)
  2 dart slugs
  7 leopard geckos
  12 orcs
  5 ball pythons
  6 bats
  8 giant cockroaches
  11 goblins
  10 hobgoblins
  8 jackals
  2 quokkas (D:5)
  8 frilled lizards
  11 kobolds
  A leopard gecko zombie (D:5)
  6 rats
133 creatures vanquished.

Notes
Turn   | Place    | Note
-------+----------+-------------------------------------------
     0 | D:1      | Araneus the Vampire Assassin began the quest for the Orb.
     0 | D:1      | Reached XP level 1. HP: 16/16 MP: 1/1
   160 | D:1      | Reached XP level 2. HP: 12/22 MP: 2/2
   297 | D:1      | You fall into a shaft and drop 1 floor!
   346 | D:2      | Reached skill level 3 in Short Blades
   455 | D:2      | Reached XP level 3. HP: 27/27 MP: 3/3
  1244 | D:2      | Reached skill level 4 in Short Blades
  1276 | D:2      | Reached XP level 4. HP: 33/33 MP: 4/4
  1611 | D:2      | Found a runed translucent door.
  1612 | D:2      | Noticed Crazy Yiuf
  1757 | D:2      | Killed Crazy Yiuf
  1813 | D:3      | Reached skill level 5 in Short Blades
  1815 | D:3      | Reached XP level 5. HP: 38/38 MP: 5/5
  1827 | D:3      | Found a faded altar of an unknown god.
  2045 | D:3      | Found a stormy altar of Qazlal.
  2670 | D:4      | Reached skill level 1 in Shields
  2711 | D:4      | Found a glowing drain.
  2727 | Sewer    | Entered a sewer
  2742 | Sewer    | Reached skill level 6 in Short Blades
  3140 | D:4      | Noticed a centaur
  3150 | D:4      | Killed a centaur
  3150 | D:4      | Reached XP level 6. HP: 17/44 MP: 6/6
  3249 | D:4      | Noticed Robin
  3262 | D:4      | Killed Robin
  3582 | D:5      | Entered Level 5 of the Dungeon
  3696 | D:5      | Found a stormy altar of Qazlal.
  3696 | D:5      | Noticed Sigmund
  3825 | D:5      | Killed Sigmund
  3825 | D:5      | Reached skill level 7 in Short Blades
  3825 | D:5      | Reached XP level 7. HP: 43/49 MP: 7/7
  3915 | D:5      | Reached skill level 8 in Short Blades
  4230 | D:5      | Found a bloodstained altar of Trog.
  4448 | D:5      | Found a sparkling altar of Nemelex Xobeh.
  4524 | D:6      | Noticed a hippogriff
  4544 | D:6      | Killed a hippogriff
  4544 | D:6      | Reached skill level 9 in Short Blades
  4544 | D:6      | Reached XP level 8. HP: 39/55 MP: 8/8
  4627 | D:6      | Found a basalt altar of Yredelemnul.
  4632 | D:6      | Noticed Grinder
  4761 | D:6      | Paralysed by Grinder for 3 turns
  4800 | D:6      | Reached skill level 10 in Short Blades
  4803 | D:6      | Killed Grinder
  4985 | D:6      | HP: 2/58 [black bear (5)]
  4986 | D:6      | Slain by a black bear

Illustrated notes

Levels and vault maps discovered:
D:1:      roderic_crop_circles_arrival_small, layout_loops_ring, hex_tiny
D:2:      layout_basic, serial_bayou_lagoon_a, uniq_crazy_yiuf_cottage
D:3:      layout_loops_corners, grunt_qazlal_sundering,
          chequers_ecumenical_altar_simple_redux
D:4:      layout_basic, gup_sewer_entry_pipe, first_ration, uniq_robin
D:5:      layout_rooms, lemuel_doored_altar, trog_eyes_of_draining, basic_altar,
          uniq_sigmund
D:6:      layout_rooms, kennysheep_mini, nicolae_overflow_hidden_temple,
          minmay_temple_entry_junction_2, nicolae_ru_great_annihilating_truth,
          uniq_grinder

Skill      XL: |  1  2  3  4  5  6  7  8 |
---------------+-------------------------+-----
Stealth        | 6 7 |  7.3
Short Blades   | 3 4 5 6 7 9 10 | 10.0
Shields        | 1 2 3 4 |  4.0
Fighting       | 3 |  3.2
Dodging        | 2 |  2.9
Throwing       | |  1.5

Action                   |  1- 3 |  4- 6 |  7- 9 || total
-------------------------+-------+-------+-------++-------
Melee: Dagger            |   107 |   202 |   238 ||   547
       Bite              |     9 |    17 |    27 ||    53
       Rapier            |       |       |    16 ||    16
Throw: Dart              |       |    10 |     2 ||    12
  Use: Scroll            |       |    17 |     6 ||    23
       Potion            |       |     5 |     3 ||     8
 Stab: Sleeping          |     7 |    18 |     1 ||    26
       Invisible         |       |     2 |       ||     2
       Distracted        |       |     1 |       ||     1
Armor: Robe              |    19 |    43 |    43 ||   105
Dodge: Dodged            |    56 |    63 |    82 ||   201
Block: Buckler           |       |    14 |    26 ||    40
